AoeStats
← darador86

Black Forest

509535844Analyzed
4v4 RM · 6d ago on Sep 27, 2026· 59m 7s· 8 players
Game mode
Random Map
Map size
Large (8 player)
Population
200
Speed
Normal
Resources
Standard
Victory
Conquest
Starting age
Dark Age
Ending age
Imperial Age
RankedLock teamsTeams togetherTeam positionsShared explorationLock speedFull tech treeHidden civsTurbo modeCheats
Victory
Defeat
🇺🇸 Persians · United States
812
+13
🇨🇴 Turks · Colombia
725
+17
🇺🇸 Bulgarians · United States
703
+18
🇺🇸 Byzantines · United States
615
+21
🇦🇺 Vikings · Australia
763
-18
🇺🇸 Mongols · United States
752
-18
🇵🇪 Britons · Peru
732
-17
🇦🇷 Huns · Argentina
711
-16
Zukomazi
0:28 Loom
13:45 Feudal Age
15:44 Double-Bit Axe
15:44 Horse Collar
17:41 Stone Mining
17:42 Gold Mining
22:26 Castle Age
21:19 Fishing Lines
23:46 Heavy Plow
23:59 Bow Saw
25:30 Wheelbarrow
24:41 Town Watch
24:55 Fletching
25:32 Gillnets
30:37 Hand Cart
35:15 Imperial Age
33:15 Forging
33:06 Scale Mail Armor
33:11 Scale Barding Armor
33:19 Caravan
34:53 Town Patrol
35:32 Iron Casting
35:13 Chain Mail Armor
35:19 Chain Barding Armor
35:50 Stirrups
36:20 Conscription
36:26 Bodkin Arrow
36:31 Padded Archer Armor
37:33 Blast Furnace
37:11 Plate Mail Armor
37:13 Capped Ram
38:10 Bracer
38:26 Leather Archer Armor
38:48 Plate Barding Armor
38:21 Elite Skirmisher
38:48 Siege Ram
40:07 Elite Konnik
44:14 Husbandry
44:25 Bloodlines
54:09 Arson
54:25 Squires
54:10 Gambesons
54:13 Heavy Scorpion
55:05 Bagains
56:19 Pikeman
RadiatTions
0:28 Loom
13:04 Feudal Age
20:50 Castle Age
19:20 Double-Bit Axe
19:42 Stone Mining
24:33 Gold Mining
27:14 Horse Collar
30:31 Heavy Plow
32:30 Wheelbarrow
31:43 Town Watch
32:16 Bow Saw
36:06 Imperial Age
33:55 Hand Cart
34:16 Kamandaran
34:54 Masonry
35:05 Ballistics
34:41 Murder Holes
34:53 Fletching
35:10 Scale Barding Armor
35:07 Padded Archer Armor
35:21 Town Patrol
35:02 Crossbowman
35:48 Thumb Ring
37:25 Stone Shaft Mining
37:54 Two-Man Saw
37:34 Conscription
37:50 Hoardings
37:54 Architecture
38:25 Chemistry
37:38 Husbandry
37:49 Bloodlines
38:57 Crop Rotation
38:53 Citadels
39:23 Elite War Elephant
41:09 Caravan
43:12 Chain Barding Armor
43:04 Forging
43:12 Cavalier
44:33 Plate Barding Armor
44:51 Gold Shaft Mining
45:09 Elite Skirmisher
46:08 Leather Archer Armor
45:49 Bodkin Arrow
51:32 Ring Archer Armor
51:38 Iron Casting
53:58 Blast Furnace
55:23 Capped Ram
55:23 Onager
Omarciano
11:05 Loom
14:49 Feudal Age
15:30 Double-Bit Axe
17:01 Wheelbarrow
21:40 Castle Age
21:38 Stone Mining
23:37 Hand Cart
37:52 Imperial Age
40:45 Fletching
41:50 Bodkin Arrow
41:57 Padded Archer Armor
41:37 Elite Janissary
42:41 Conscription
42:57 Ballistics
42:56 Leather Archer Armor
42:54 Bracer
43:00 Murder Holes
43:58 Caravan
44:14 Bow Saw
43:47 Horse Collar
49:55 Ring Archer Armor
49:39 Masonry
49:59 Scale Mail Armor
50:07 Heavy Plow
51:11 Two-Man Saw
50:06 Gold Mining
50:51 Architecture
56:07 Chain Mail Armor
56:37 Coinage
56:18 Guilds
Trollzor9898
6:17 Loom
24:38 Feudal Age
25:05 Horse Collar
25:23 Double-Bit Axe
27:56 Wheelbarrow
28:44 Stone Mining
28:47 Gold Mining
35:00 Man-at-Arms
39:35 Castle Age
39:57 Fletching
40:18 Forging
39:37 Elite Skirmisher
40:23 Thumb Ring
44:08 Pikeman
44:35 Gambesons
46:49 Bodkin Arrow
48:20 Scale Mail Armor
48:22 Padded Archer Armor
50:24 Chain Mail Armor
56:25 Imperial Age
56:28 Halberdier
56:30 Elite Varangian Guard
59:29 Leather Archer Armor
thongvipusa1
1:16 Loom
12:58 Feudal Age
14:46 Gold Mining
14:50 Stone Mining
18:21 Horse Collar
18:28 Double-Bit Axe
21:11 Wheelbarrow
24:09 Castle Age
25:50 Bow Saw
25:43 Heavy Plow
28:16 Gold Shaft Mining
28:30 Padded Archer Armor
28:20 Fletching
29:34 Leather Archer Armor
30:09 Bodkin Arrow
32:28 Hand Cart
33:35 Nomads
34:45 Stone Shaft Mining
34:55 Town Watch
37:55 Imperial Age
35:51 Scale Barding Armor
37:47 Chain Barding Armor
37:27 Scale Mail Armor
37:37 Forging
39:52 Chemistry
39:03 Fortified Wall
38:49 Murder Holes
38:59 Siege Engineers
39:05 Masonry
41:00 Hoardings
40:23 Town Watch
42:37 Iron Casting
42:53 Chain Mail Armor
42:38 Bracer
42:46 Capped Ram
44:28 Light Cavalry
45:18 Bloodlines
45:20 Caravan
45:23 Siege Ram
46:49 Plate Mail Armor
47:20 Blast Furnace
47:09 Hussar
49:15 Coinage
49:37 Elite Mangudai
rafopena
0:57 Loom
13:44 Feudal Age
14:57 Double-Bit Axe
20:31 Fletching
21:36 Stone Mining
25:21 Castle Age
24:41 Wheelbarrow
23:59 Horse Collar
27:16 Crossbowman
29:43 Heavy Plow
29:44 Bodkin Arrow
30:41 Bow Saw
36:45 Imperial Age
34:28 Scale Barding Armor
35:16 Town Watch
35:48 Hand Cart
35:56 Forging
36:27 Gold Mining
37:59 Conscription
40:19 Chemistry
39:40 Ballistics
39:09 Pikeman
44:59 Iron Casting
darador86
13:41 Feudal Age
14:23 Fishing Lines
14:40 Double-Bit Axe
14:49 Gold Mining
14:51 Stone Mining
21:16 Castle Age
20:07 Horse Collar
22:27 Heavy Plow
22:34 Padded Archer Armor
22:28 Fletching
22:51 Forging
22:43 Scale Mail Armor
22:50 Scale Barding Armor
23:01 Bow Saw
23:13 Gillnets
29:09 Gold Shaft Mining
28:54 Caravan
29:22 Leather Archer Armor
29:03 Bodkin Arrow
29:44 Iron Casting
29:24 Chain Mail Armor
31:33 Town Watch
32:24 Wheelbarrow
34:36 Imperial Age
32:51 Wheelbarrow
32:19 Town Patrol
34:44 Marauders
35:35 Ballistics
35:11 Murder Holes
35:26 Masonry
35:42 Chain Mail Armor
36:30 Husbandry
36:41 Bloodlines
36:55 Conscription
36:57 Atheism
36:52 Elite Tarkan
38:19 Chain Barding Armor
38:34 Hand Cart
45:26 Thumb Ring
46:08 Parthian Tactics
45:12 Crossbowman
50:56 Elite Skirmisher
55:04 Pikeman
55:44 Squires
56:08 Halberdier
Blayx
5:19 Loom
12:14 Feudal Age
15:52 Double-Bit Axe
18:18 Arson
19:35 Forging
19:30 Scale Mail Armor
22:44 Castle Age
21:02 Horse Collar
23:00 Scale Barding Armor
23:15 Pikeman
23:57 Squires
29:55 Gold Mining
43:59 Imperial Age
43:33 Gold Shaft Mining
44:34 Chain Barding Armor
44:29 Chain Mail Armor
44:50 Iron Casting
44:20 Caravan
44:50 Coinage
45:02 Cavalier
45:52 Elite Varangian Guard
52:22 Plate Mail Armor
52:53 Blast Furnace
51:37 Light Cavalry
52:52 Elite Berserk
Connection lost

Rejoining the realm…

Still unreachable

The connection could not be restored.

Session expired

The server has moved on; the page needs a fresh start.